 Dungeon Crawl Stone Soup version 0.30-a0-883-g5ad918d77d (webtiles) character file.

Game seed: 8623002443555132345

42 Mickster the Covered (level 3, -2/20 HPs)
             Began as a Gargoyle Wanderer on Mar 15, 2023.
             Slain by a gnoll
             ... wielding a +0 spear
              (5 damage)
             ... on level 2 of the Dungeon.
             The game lasted 00:09:56 (969 turns).

Mickster the Covered (Gargoyle Wanderer)             Turns: 969, Time: 00:09:57

Health: -2/20      AC: 10    Str: 13    XL:     3   Next: 54%
Magic:  3/3        EV: 10    Int:  9    God:
Gold:   80         SH:  0    Dex: 16    Spells: 2/2 levels left

rFire   . . .      SeeInvis .    a - +2 falchion (freeze)
rCold   . . .      Faith    +    (no shield)
rNeg    + . .      Spirit   .    c - +1 ring mail
rPois   ∞          Reflect  .    (no helmet)
rElec   +          Rampage  .    (no cloak)
rCorr   .                        (no gloves)
Will    .....                    (no boots)
Stlth   +                        e - amulet of faith
HPRegen 0.23/turn                (no ring)
MPRegen 0.08/turn                (no ring)

@: no status effects
A: sickness immunity, AC +3, negative energy resistance 1, electricity
resistance, torment resistance 1, petrification resistance
a: no special abilities


You were on level 2 of the Dungeon.
You visited 1 branch of the dungeon, and saw 2 of its levels.

You collected 80 gold pieces.

Inventory:

Hand Weapons
 a - a +2 falchion of freezing (weapon)
Missiles
 g - 10 stones
 j - 2 atropa-tipped darts (quivered)
Armour
 c - a +1 ring mail (worn)
Jewellery
 e - an amulet of faith (around neck)
Scrolls
 i - a scroll of magic mapping {unknown}
Potions
 b - a potion of attraction
 d - a potion of berserk rage
 f - a potion of haste {unknown}
 h - a potion of heal wounds {unknown}
 k - 2 potions of mutation {unknown}


   Skills:
 + Level 1.3 Fighting
 + Level 3.5 Long Blades
 + Level 3.6 Armour
 + Level 0.3 Dodging
 + Level 1.0 Unarmed Combat
 + Level 2.0 Evocations


You had 2 spell levels left.
You didn't know any spells.
Your spell library was empty.

Dungeon Overview and Level Annotations

Branches:
Dungeon (2/15)

Altars:

Shops:
D:1 (


Innate Abilities, Weirdness & Mutations

You are immune to sickness and miasma.
Your stone body is resilient. (AC +3)
You are immune to poison.
You resist negative energy. (rN+)
You are resistant to electric shocks. (rElec)
You are resistant to unholy torment.
You are immune to petrification.


Message History

You barely miss the goblin.
The goblin is moderately wounded.
The goblin closely misses you.
You slash the goblin!
You kill the goblin!
g - 10 stones (gained 3);
i - a scroll labelled AXTORU WOESYSUASK You now have 80 gold pieces (gained 24).
Things that are here:
a +0 spear; a +0 leather armour
Things that are here:
a +0 spear; a +0 leather armour You see here a ball python corpse.
You see here a ball python corpse.
Things that are here:
a +0 spear; a +0 leather armour 2 gnolls come into view.
The gnoll shouts!
You hear a shout!
A gnoll comes into view. It is wielding a +0 spear.
The gnoll shouts!
The gnoll hits you from afar with a +0 spear.
The gnoll hits you from afar with a +0 spear.
The gnoll hits you but does no damage.
You closely miss the gnoll. The gnoll hits you but does no damage.
The gnoll barely misses you.
You closely miss the gnoll.
A kobold comes into view. It is wielding a +0 whip.
The gnoll hits you but does no damage. The gnoll hits you with a +0 spear.
You hit the gnoll. You freeze the gnoll.
The gnoll is moderately wounded.
The gnoll hits you from afar with a +0 spear!
* * * LOW HITPOINT WARNING * * *
The gnoll hits you but does no damage.
You hit the gnoll. You freeze the gnoll.
The gnoll is severely wounded.
The gnoll misses you. The gnoll hits you with a +0 spear.
* * * LOW HITPOINT WARNING * * *
You hit the gnoll. You freeze the gnoll.
You kill the gnoll!
The gnoll hits you from afar with a +0 spear.
You die...

.# #.# .# ##
####.###..# #.#
##.........###.#
###..#.†####).##.#
...†##†##..##...K#
#.#.#.)#....#.##g#
#.#.#....#..#.##g#
#.#.##..##.##.##)#
#.#..####..#..##@#
#..#..........##.#
##.....######....#
#### ####........
#########


You could see 2 gnolls and a kobold.

Vanquished Creatures
  A gnoll (D:2)
  2 adders (D:2)
  A bat (D:2)
  2 endoplasms (D:2)
  3 giant cockroaches (D:2)
  3 goblins (D:2)
  2 hobgoblins (D:2)
  3 kobolds
  A quokka (D:2)
  3 ball pythons (D:2)
  A frilled lizard (D:1)
22 creatures vanquished.

Notes
Turn   | Place    | Note
-------+----------+-------------------------------------------
     0 | D:1      | Mickster the Gargoyle Wanderer began the quest for the Orb.
     0 | D:1      | Mickster set off with the following items: a +2 falchion, a
                  | potion of attraction, a +0 ring mail, a potion of berserk
                  | rage.
     0 | D:1      | Reached XP level 1. HP: 12/12 MP: 1/1
   102 | D:1      | Noticed a shining eye
   105 | D:1      | Noticed a floating eye
   117 | D:1      | Found a faded altar of an unknown god.
   118 | D:1      | Found Techioro's Weapon Boutique.
   119 | D:1      | Noticed an eye of devastation
   120 | D:1      | Noticed a great orb of eyes
   136 | D:1      | Upgraded the game from 0.30-a0-881-g1ff12e1e11 to
                  | 0.30-a0-883-g5ad918d77d
   235 | D:2      | Reached XP level 2. HP: 16/16 MP: 2/2
   747 | D:2      | Reached XP level 3. HP: 20/20 MP: 3/3
   969 | D:2      | Slain by a gnoll

Illustrated notes

Levels and vault maps discovered:
D:1:      dpeg_arrival_ternary, layout_loops_cross,
          hellmonk_ecumenical_altar_watching_god, serial_shops, shop,
          minmay_ruptured
D:2:      layout_basic, fountainhead, grunt_ministairs_9, interstate_on_off,
          minmay_close_crescents

Skill      XL: |  1  2  3 |
---------------+----------+-----
Long Blades    | 3 |  3.5
Evocations     | 2 |  2.0
Fighting       | |  1.3
Armour         | |  3.6
Dodging        | |  0.3
Unarmed Combat | |  1.0

Action                     || total
---------------------------++-------
  Melee: Falchion          ||    57
    Use: Scroll            ||     5
 Armour: Ring mail         ||    44
  Dodge: Dodged            ||    44

Table legend: (Time is in decaauts)
 A = Elapsed time spent in this place.
 B = Non-inter-level travel time spent in this place.
 C = Inter-level travel time spent in this place.
 D = Time resting spent in this place.
 E = Time spent auto-exploring this place.
 F = Levels seen in this place.
 G = Mean time per level.
                   A        B        C        D        E       F      G
               +--------+--------+--------+--------+--------+-----+--------+
         Total |    976 |    925 |     51 |    200 |      0 |   2 |  488.0 |
       Dungeon |    976 |    925 |     51 |    200 |      0 |   2 |  488.0 |
               +--------+--------+--------+--------+--------+-----+--------+

Top non-repeatable levels by time:
     D:2: 813 daAuts
     D:1: 163 daAuts
